 Dungeon Crawl Stone Soup version 0.21.0-24-g2553a33 (webtiles) character file.

12562 sankara the Martial Artist (level 11, 0/145 HPs)
             Began as a Green Draconian Transmuter on Jan 21, 2018.
             Was a High Priest of Ru.
             Slain by a killer bee (2 damage)
             ... on level 2 of the Lair of Beasts.
             The game lasted 00:47:30 (11137 turns).

sankara the Martial Artist (DrTm)                  Turns: 11137, Time: 00:47:31

Health: 0/145      AC: 25    Str: 21    XL:     11   Next: 64%
Magic:  14/15      EV:  2    Int: 14    God:    Ru [*****.]
Gold:   424        SH:  0    Dex: 19    Spells: 5/16 levels left

rFire    + . .     SeeInvis .     - Unarmed
rCold    . . .     Gourm    .   (shield unavailable)
rNeg     + + +     Faith    .   (armour unavailable)
rPois    +         Spirit   .   (helmet currently unavailable)
rElec    .         Reflect  .   (cloak currently unavailable)
rCorr    .         Harm     .   (gloves currently unavailable)
MR       .....     NoTele   +   (boots currently unavailable)
Stlth    ++........             (no amulet)
HPRegen  0.34/turn              (ring unavailable)
MPRegen  0.14/turn              K - ring of Recklessness {rF+ Str+3}

@: mighty, agile, tree-form, silence, vulnerable, hasted, very quick
A: (breathe noxious fumes), unfitting armour, magic resistance 1, missing a
hand, inability to use devices, hated by all, MP-powered wands, AC +7
a: Renounce Religion


You were on level 2 of the Lair of Beasts.
You worshipped Ru.
Ru was extremely pleased with you.
You were not hungry.
You were a tree.
You visited 3 branches of the dungeon, and saw 12 of its levels.

You collected 544 gold pieces.
You spent 120 gold pieces at shops.

Inventory:

Missiles
 a - 264 arrows
 n - 12 tomahawks (quivered)
 p - a throwing net
Armour
 e - a +0 pair of gloves
 u - a +1 pair of boots (melded)
 v - the +0 pair of gloves "Komac" (melded) {rF++ Str+4 Dex-2 SInv}
   (You found it on level 5 of the Dungeon)

   It affects your strength (+4).
   It affects your dexterity (-2).
   It greatly protects you from fire.
   It lets you see invisible.
 E - a +0 hat (melded)
 H - a +2 cloak (melded)
Jewellery
 l - an uncursed ring of stealth
 m - an uncursed ring of protection from fire
 x - a +3 ring of dexterity
 C - an uncursed ring of protection from fire
 K - the ring of Recklessness (right branch) {rF+ Str+3}
   (You found it on level 1 of the Lair of Beasts)

   [ring of strength]

   It affects your strength (+3).
   It protects you from fire.
 L - an uncursed ring of positive energy
Wands
 B - a wand of random effects (22)
 G - a wand of iceblast (4)
Scrolls
 d - 3 scrolls of enchant armour
 f - 3 scrolls of fog
 h - 8 scrolls of identify
 j - a scroll of immolation
 k - a scroll of enchant weapon
 r - 6 scrolls of remove curse
 y - 3 scrolls of amnesia
 z - a scroll of vulnerability
 M - a scroll of acquirement {unknown}
Potions
 i - 3 potions of cancellation
 q - 2 potions of agility
 s - a potion of lignification
 w - 4 potions of curing
 A - a potion of haste
 F - a potion of flight
Books
 b - a book of Changes

   Spells                             Type                      Level
   a - Beastly Appendage              Transmutation                1
   b - Sticks to Snakes               Transmutation                2
   c - Spider Form                    Transmutation/Poison         3
   d - Ice Form                       Ice/Transmutation            4
   e - Blade Hands                    Transmutation                5
 g - a book of Maledictions

   Spells                             Type                      Level
   a - Corona                         Hexes                        1
   b - Ensorcelled Hibernation        Hexes/Ice                    2
   c - Confuse                        Hexes                        3
   d - Tukima's Dance                 Hexes                        3
   e - Dazzling Spray                 Conjuration/Hexes            3
 D - a book of Party Tricks

   Spells                             Type                      Level
   a - Summon Butterflies             Summoning                    1
   b - Apportation                    Translocation                1
   c - Lesser Beckoning               Translocation                3
   d - Tukima's Dance                 Hexes                        3
   e - Alistair's Intoxication        Transmutation/Poison         5
   f - Invisibility                   Hexes                        6
Comestibles
 c - 20 rations


   Skills:
 + Level 9.1 Fighting
 + Level 7.4 Dodging
 + Level 11.7 Unarmed Combat
 + Level 3.2 Spellcasting
 + Level 8.5 Transmutations
 - Level 5.0 Poison Magic


You had 5 spell levels left.
You knew the following spells:

 Your Spells              Type           Power        Failure   Level  Hunger
a - Beastly Appendage     Tmut           ####..       1%          1    #......
b - Sticks to Snakes      Tmut           ####....     1%          2    ##.....
c - Spider Form           Tmut/Pois      ###.......   3%          3    ###....
d - Blade Hands           Tmut           ####......   17%         5    ######.


Dungeon Overview and Level Annotations

Branches:
Dungeon (9/15)             Temple (1/1) D:4            Lair (2/6) D:9
  Swamp: Lair:2-4    Shoals: Lair:2-4     Snake: Lair:2-4    Spider: Lair:2-4
    Orc: D:9-12

Altars:
Ashenzari
Cheibriados
Dithmenos
Elyvilon
Fedhas
Gozag
Hepliaklqana
Kikubaaqudgha
Makhleb
Nemelex Xobeh
Okawaru
Qazlal
Ru
Sif Muna
Trog
Uskayaw
Vehumet
Wu Jian
Xom
Yredelemnul
Zin
The Shining One

Shops:
D:5 *   D:7 !   D:9 =


Innate Abilities, Weirdness & Mutations

((You can breathe blasts of noxious fumes.))
((Your lurid green scales are hard. (AC +7)))
You cannot fit into any form of body armour.
((Your system is resistant to poisons. (rPois)))
((You are cold-blooded and may be slowed by cold attacks.))
You are missing a hand.
You cannot study or use magical devices.
You are hated by all.
You are resistant to hostile enchantments. (MR+)
You expend magic power (3 MP) to strengthen your wands.


Message History

The killer bee is stunned by your will and fails to attack.
You barely miss the spiny frog.
The killer bee stings you but does no damage.
The killer bee is stunned by your will and fails to attack.
The killer bee stings the plant but does no damage.
The killer bee completely misses you. The killer bee stings you.
* * * LOW HITPOINT WARNING * * *
The queen bee calls on the killer bee to defend it!
The killer bee goes berserk!
The queen bee calls on the killer bee to defend it!
The killer bee goes berserk!
The hippogriff bites the plant.
The hippogriff pecks the plant.
The hippogriff claws the plant but does no damage.
The killer bee stings you but does no damage.
The spiny frog is stunned by your will and fails to attack.
You hit the spiny frog.
The spiny frog is lightly wounded.
The killer bee stings you but does no damage.
The killer bee stings you.
You die...

#.....
.#(... ##
#.}.... .#
......# ##.
.......
#..#yy..#..
##Fyyy....#
#.y♣yl.....
#≈yPyk.≈.≈.
#≈#Hy≈≈≈≈≈≈
#≈#≈≈≈≈≈≈≈≈
# #≈≈≈≈##≈≈
#≈≈≈≈# ≈
#≈≈≈≈≈
#≈≈≈≈≈≈


You could see a hippogriff, a spiny frog, a queen bee, a basilisk, a rime drake
and 9 killer bees.

Vanquished Creatures
  Gastronok (D:8)
  Erica (Lair:1)
  A manticore (Lair:2)
  Maurice (D:8)
  Joseph (D:7)
  3 spiny frogs
  2 komodo dragons (Lair:1)
  Prince Ribbit (D:5)
  A hornet (D:9)
  2 hippogriffs
  Sigmund (D:2)
  A wyvern (Lair:2)
  Eustachio (D:6)
  18 yaks
  Menkaure (D:7)
  A soldier ant (D:9)
  2 water moccasins
  A porcupine (Lair:1)
  2 ice beasts
  4 orc warriors
  2 sky beasts
  4 ogres
  A phantom (D:8)
  2 centaurs
  A crocodile (Lair:1)
  4 bullfrogs
  A big kobold (D:8)
  A gnoll sergeant (D:5)
  3 jellies
  A wyvern skeleton (D:9)
  A water moccasin skeleton (D:4)
  3 scorpions
  6 killer bees
  2 howler monkeys
  2 crimson imps
  A hound (D:9)
  8 orc priests
  Terence (D:3)
  4 iguanas
  4 orc wizards
  12 worker ants
  2 hound zombies
  3 gnolls
  8 adders
  A river rat (Lair:2)
  2 shadow imps
  An ooze (D:1)
  An adder zombie (D:5)
  3 adder skeletons
  2 worms
  4 dart slugs
  7 leopard geckos
  25 orcs
  7 bats
  6 giant cockroaches
  6 goblins
  5 hobgoblins
  7 jackals
  15 kobolds
  4 quokkas
  6 frilled lizards
  A leopard gecko skeleton (D:4)
  A quokka skeleton (D:5)
  5 rats
232 creatures vanquished.

Vanquished Creatures (others)
  A troll (D:9)
  An adder (D:7)
2 creatures vanquished.

Grand Total: 234 creatures vanquished

Notes
Turn   | Place    | Note
-------+----------+-------------------------------------------
     0 | D:1      | sankara the Draconian Transmuter began the quest for the Orb.
     0 | D:1      | Reached XP level 1. HP: 16/16 MP: 3/3
   423 | D:1      | Reached XP level 2. HP: 20/23 MP: 5/5
   434 | D:1      | Learned a level 2 spell: Sticks to Snakes
   708 | D:1      | Reached XP level 3. HP: 29/29 MP: 4/6
  1260 | D:2      | Learned a level 3 spell: Spider Form
  1317 | D:2      | Noticed Sigmund
  1329 | D:2      | Killed Sigmund
  1329 | D:2      | Reached skill level 4 in Unarmed Combat
  1329 | D:2      | Reached XP level 4. HP: 35/38 MP: 4/7
  1329 | D:2      | Reached XP level 5. HP: 41/45 MP: 4/8
  1380 | D:2      | Found a glowing golden altar of the Shining One.
  1522 | D:2      | Reached skill level 5 in Unarmed Combat
  1926 | D:3      | Reached XP level 6. HP: 7/51 MP: 5/9
  1928 | D:3      | Gained mutation: You expend magic power (3 MP) to strengthen your wands. [potion of mutation]
  1928 | D:3      | Gained mutation: You are resistant to hostile enchantments. (MR+) [potion of mutation]
  1938 | D:3      | HP: 2/51 [poisoned by a worker ant]
  1943 | D:3      | HP: 1/51 [poisoned by a worker ant]
  1948 | D:3      | HP: 1/51 [poisoned by a worker ant]
  2311 | D:3      | Noticed Terence
  2417 | D:3      | Killed Terence
  3152 | D:4      | Your scales start taking on a lurid green colour.
  3152 | D:4      | Reached XP level 7. HP: 58/58 MP: 8/10
  3152 | D:4      | Gained mutation: Your system is resistant to poisons. (rPois) [Green Draconian growth]
  3166 | D:4      | Reached skill level 6 in Unarmed Combat
  3205 | D:4      | Reached skill level 1 in Poison Magic
  3541 | D:4      | Found a staircase to the Ecumenical Temple.
  3561 | Temple   | Entered the Ecumenical Temple
  3680 | Temple   | Became a worshipper of Ru the Awakened
  3992 | D:5      | Entered Level 5 of the Dungeon
  4278 | D:5      | Found a radiant altar of Vehumet.
  4280 | D:5      | Got a pair of shimmering gloves
  4284 | D:5      | Identified the cursed +0 pair of gloves "Komac" {rF++ Str+4 Dex-2 SInv} (You found it on level 5 of the Dungeon)
  4791 | D:5      | Reached XP level 8. HP: 53/67 MP: 5/11
  5103 | D:5      | Found Xerauv's Assorted Antiques.
  5135 | D:5      | Reached skill level 7 in Unarmed Combat
  5267 | D:5      | Reached skill level 5 in Fighting
  5361 | D:5      | Learned a level 5 spell: Blade Hands
  5371 | D:5      | Reached skill level 5 in Transmutations
  5546 | D:5      | Noticed Prince Ribbit
  5559 | D:5      | Killed Prince Ribbit
  5587 | D:5      | Gained mutation: You are hated by all. [Ru sacrifice]
  5587 | D:5      | Reached * piety under Ru
  5734 | D:6      | Noticed Eustachio
  5745 | D:6      | Killed Eustachio
  5745 | D:6      | Reached skill level 8 in Unarmed Combat
  5856 | D:6      | Reached XP level 9. HP: 67/75 MP: 8/12
  6194 | D:7      | Noticed Menkaure
  6201 | D:7      | Killed Menkaure
  6427 | D:7      | Found Hiufrohe's Distillery.
  6444 | D:7      | Bought a potion of haste for 120 gold pieces
  6600 | D:7      | Noticed Joseph
  6617 | D:7      | Killed Joseph
  6912 | D:8      | Reached skill level 9 in Unarmed Combat
  6939 | D:8      | Reached skill level 5 in Dodging
  7523 | D:8      | Noticed Gastronok
  7550 | D:8      | Killed Gastronok
  7550 | D:8      | Reached skill level 10 in Unarmed Combat
  7550 | D:8      | Reached XP level 10. HP: 33/86 MP: 11/13
  7795 | D:8      | Noticed Maurice
  7814 | D:8      | Killed Maurice
  7814 | D:8      | Reached skill level 5 in Poison Magic
  7908 | D:8      | Gained mutation: You cannot study or use magical devices. [Ru sacrifice]
  7908 | D:8      | Reached ** piety under Ru
  7908 | D:8      | Reached *** piety under Ru
  8903 | D:9      | Found Tesuneiz's Jewellery Boutique.
  9110 | D:9      | Found a staircase to the Lair.
  9185 | Lair:1   | Entered Level 1 of the Lair of Beasts
  9235 | Lair:1   | Reached skill level 11 in Unarmed Combat
  9246 | Lair:1   | Reached XP level 11. HP: 65/94 MP: 10/14
  9270 | Lair:1   | Got a sparkling bronze ring
  9278 | Lair:1   | Identified the ring of Recklessness {rF+ Str+3} (You found it on level 1 of the Lair of Beasts)
  9799 | Lair:1   | Noticed Erica
  9806 | Lair:1   | Killed Erica
  9832 | Lair:1   | Gained mutation: You are missing a hand. [Ru sacrifice]
  9832 | Lair:1   | Reached **** piety under Ru
  9832 | Lair:1   | Reached ***** piety under Ru
 10402 | Lair:1   | HP: 4/97 [poisoned by a spiny frog]
 10408 | Lair:1   | HP: 3/97 [poisoned by a spiny frog]
 10414 | Lair:1   | HP: 3/97 [poisoned by a spiny frog]
 10422 | Lair:1   | HP: 3/97 [poisoned by a spiny frog]
 11132 | Lair:2   | HP: 4/145 [manticore (11)]
 11137 | Lair:2   | Slain by a killer bee

Skill      XL: |  1  2  3  4  5  6  7  8  9 10 11 |
---------------+----------------------------------+-----
Fighting       | 3 4 5 7 8 9 |  9.1
Unarmed Combat | 4 5 6 8 10 11 | 11.7
Transmutations | 3 4 5 6 7 8 |  8.5
Dodging        | 2 3 4 5 6 7 |  7.4
Poison Magic   | 2 3 4 5 |  5.0
Spellcasting   | 3 |  3.2

Action                   |  1- 3 |  4- 6 |  7- 9 | 10-12 || total
-------------------------+-------+-------+-------+-------++-------
Melee: Unarmed           |    76 |   137 |   331 |   303 ||   847
       Tailslap          |    11 |    15 |     8 |     4 ||    38
       Headbutt          |     4 |     5 |     5 |       ||    14
       Kick              |     8 |     9 |     1 |       ||    18
       Punch             |       |     4 |       |       ||     4
 Cast: Beastly Appendage |    19 |    24 |     4 |       ||    47
       Spider Form       |     1 |     4 |    43 |    23 ||    71
       Blade Hands       |       |       |       |     1 ||     1
Invok: Sacrifice Love    |       |       |     1 |       ||     1
       Sacrifice Artific |       |       |       |     1 ||     1
       Sacrifice a Hand  |       |       |       |     1 ||     1
  Use: Potion            |       |     5 |     4 |     6 ||    15
       Scroll            |       |       |     4 |     9 ||    13
 Stab: Sleeping          |     2 |       |     1 |       ||     3
       Invisible         |       |       |       |     4 ||     4
       Distracted        |       |       |       |     2 ||     2
  Eat: Chunk             |     2 |     4 |    13 |    12 ||    31
       Ration            |       |     1 |     2 |     1 ||     4
Armor: Skin              |    29 |    30 |    25 |    49 ||   133
Dodge: Dodged            |    61 |   112 |   269 |   294 ||   736
